 Dungeon Crawl Stone Soup version 0.26.1-2-gb8aa6d0cf2 (webtiles) character file.

Game seed: 4484694885133671450

30 Gadfly the Caller (level 3, -1/19 HPs)
             Began as a Tengu Summoner on Feb 19, 2021.
             Slain by Sigmund
             ... wielding a +2 vorpal scythe
              (10 damage)
             ... on level 2 of the Dungeon.
             The game lasted 00:02:33 (1620 turns).

Gadfly the Caller (Tengu Summoner)                  Turns: 1620, Time: 00:02:34

Health: -1/19      AC:  4    Str:  8    XL:     3   Next: 20%
Magic:  1/7        EV: 12    Int: 16    God:
Gold:   87         SH:  3    Dex: 14    Spells: 2/6 levels left

rFire    . . .     SeeInvis .   g - +0 whip
rCold    . . .     Faith    .   d - +0 buckler
rNeg     . . .     Spirit   .   a - +0 robe
rPois    .         Reflect  .   (helmet restricted)
rElec    .         Harm     .   f - +1 cloak
rCorr    .         Rampage  .   (no gloves)
Will     .....                  (boots unavailable)
Stlth    ++........             (no amulet)
HPRegen  0.06/turn              (no ring)
MPRegen  0.10/turn              (no ring)

@: no status effects
A: beak, talons 3
a: no special abilities


You were on level 2 of the Dungeon.
You visited 1 branch of the dungeon, and saw 2 of its levels.

You collected 87 gold pieces.

Inventory:

Hand Weapons
 g - a +0 whip (weapon)
Armour
 a - a +0 robe (worn)
 d - a +0 buckler (worn)
 f - a +1 cloak (worn)
Scrolls
 c - a scroll of remove curse {unknown}
 h - 2 scrolls of enchant armour
Potions
 b - a potion of haste {unknown}
 e - a potion of curing {unknown}
 i - a potion of flight {unknown}


   Skills:
 + Level 0.2 Fighting
 * Level 2.4 Dodging
 - Level 2.0 Stealth
 * Level 2.4 Spellcasting
 * Level 0.8 Conjurations
 + Level 4.9 Summonings
 * Level 1.7 Air Magic
 * Level 0.6 Evocations


You had 2 spell levels left.
You knew the following spells:

 Your Spells              Type           Power        Failure   Level
a - Summon Small Mammal   Summ           68%          4%          1
b - Call Canine Familiar  Summ           17%          13%         3

Your spell library contained the following spells:

 Spells                   Type           Power        Failure   Level
 Call Imp                 Summ           17%          7%          2
 Summon Guardian Golem    Hex/Summ       9%           36%         3
 Summon Lightning Spire   Summ/Air       12%          63%         4
 Summon Ice Beast         Ice/Summ       9%           77%         4


Dungeon Overview and Level Annotations

Branches:
Dungeon (2/15)

Altars:

Annotations:
D:2 Sigmund


Innate Abilities, Weirdness & Mutations

You have a beak for a mouth.
You have claws for feet.


Message History

You hit Sigmund but do no damage. Your kick misses Sigmund. You peck Sigmund.
Sigmund is severely wounded.
Your bat barely misses Sigmund.
Sigmund looks at you with fury.
Sigmund hits you with a +2 vorpal scythe.
You hit Sigmund but do no damage. Your kick misses Sigmund.
Your peck misses Sigmund.
Sigmund is severely wounded.
Your bat barely misses Sigmund.
Your bat misses Sigmund.
Your bat hits Sigmund but does no damage.
Sigmund gestures at himself while chanting.
Sigmund flickers and vanishes!
Deactivating autopickup; reactivate with Ctrl-A.
Your bat barely misses something.
You miss something. You peck something.
Your bat hits something but does no damage.
Your bat barely misses something.
Your bat closely misses something.
Your bat hits something. Something hits you!
Ouch! That really hurt!
You die...

#.##.# #.#....#.. #.#....#..
#.#....#.. #.#.##.#@#
########.#.##.#.#
.........#.##.#.######
.........#.@{.#.......
..........b..b........
.........###########.#
................# #.# ###
................####.#####..
.....###.................'..
#### ##.......####.#####<.
#######.####.# ###
##..........#


You could see 2 friendly bats.

Vanquished Creatures
  An ooze (D:1)
  3 dart slugs
  A giant cockroach (D:1)
  5 goblins
  2 hobgoblins (D:1)
  3 kobolds (D:1)
  A bat (D:1)
  A frilled lizard (D:1)
  2 rats (D:1)
19 creatures vanquished.

Notes
Turn   | Place    | Note
-------+----------+-------------------------------------------
     0 | D:1      | Gadfly the Tengu Summoner began the quest for the Orb.
     0 | D:1      | Reached XP level 1. HP: 10/10 MP: 4/4
   270 | D:1      | Reached XP level 2. HP: 9/15 MP: 6/6
   406 | D:1      | Reached skill level 1 in Air Magic
  1179 | D:1      | Reached XP level 3. HP: 19/19 MP: 7/7
  1183 | D:1      | Learned a level 3 spell: Call Canine Familiar
  1602 | D:2      | Noticed Sigmund
  1620 | D:2      | Slain by Sigmund

Illustrated notes

Levels and vault maps discovered:
D:1:      dpeg_arrival_simpleton_c, layout_basic
D:2:      layout_basic, uniq_sigmund, uniq_crazy_yiuf_cottage

Skill      XL: |  1  2 |
---------------+-------+-----
Air Magic      | 1 |  1.7
Fighting       | |  0.2
Dodging        | |  2.4
Stealth        | |  2.0
Spellcasting   | |  2.4
Conjurations   | |  0.8
Summonings     | |  4.9
Evocations     | |  0.6

Action                   || total
-------------------------++-------
Melee: Club              ||    16
       Kick              ||    16
       Unarmed           ||     3
       Peck              ||    14
       Whip              ||    48
 Cast: Summon Small Mamm ||     4
       Call Canine Famil ||     1
  Use: Scroll            ||     2
       Potion            ||     1
 Stab: Sleeping          ||     4
Armor: Robe              ||     7
Dodge: Dodged            ||    25
Block: Buckler           ||     9
